[Event "*** Titled Tuesday Blitz"]
[Site "Chess.com"]
[Date "2020.04.21"]
[Round "8"]
[White "BillieKimbah"]
[Black "ChessWarrior7197"]
[Result "1-0"]
[WhiteElo "2840"]
[BlackElo "2877"]
[TimeControl "180+1"]
[EndTime "11:40:32 PDT"]
[Termination "BillieKimbah won by resignation"]

1. d4 d5 2. c4 e6 3. Nc3 c5 4. cxd5 exd5 5. Nf3 Nc6 6. g3 Nf6 7. a3 cxd4 8. Nxd4 Bc5 9. Be3 Ne5 10.
Bg2 Neg4 11. Bf4 Nh5 12. e3 Nxf4 13. exf4 Qe7+ 14. Nce2 O-O 15. O-O Nf6 16. Nc3 Rd8 17.
Re1 Qf8 18. Qd3 Ne4 19. Rad1 Bg4 20. f3 Bh5 21. g4 Bd6 22. gxh5 Nxc3 23. Qxc3 Bxf4 24. Nf5 Re8 25. Qd4 Bg5 26. f4 Bf6 27.
Qxd5 Bxb2 28. a4 Rad8 29. Qxb7 Rxe1+ 30. Rxe1 Qc5+ 31. Kh1 Qxf5 32. Qxb2 Qxf4 33. Qe2 Qxa4 34. h6 a5 35. Qe5 gxh6 36. Rg1 Rd1 37. Bf1+ Kf8 38.
Qb8+ Ke7 39. Qb7+ Rd7 40. Qf3 Qd4 41. Bg2 Kf8 42. Rf1 a4 43. Bh3 Re7 44. Bg2 Qe3 45.
Qa8+ Kg7 46. Qxa4 Re6 47. Qa1+ Qe5 48. Qd1 Rg6 49. Qc2 h5 50. h3 h4 51. Qc4 Rf6 52. Rg1 Rg6 53. Qxh4 Qe3 54. Rf1 Qe5 55. Qf2 Rf6 56.
Bf3 Kf8 57. Rg1 Qf5 58. Rg3 h5 59. Qg2 h4 60. Rg8+ Ke7 61. Be2 Re6 62. Qb7+ Kf6 63. Qb2+ Ke7 64. Qb4+ Kf6 65. Qxh4+ Ke5 66. Qg3+ Kf6 67.
Qh4+ Ke5 68. Rg5 Rg6 69. Rxf5+ Kxf5 70. Bd3+ Ke5 71. Bxg6 fxg6 72. Qg5+ 1-0

[Event "*** Titled Tuesday Blitz"]
[Site "Chess.com"]
[Date "2020.04.21"]
[Round "8"]
[White "TST2014"]
[Black "jonaszmb"]
[Result "0-1"]
[WhiteElo "2594"]
[BlackElo "2479"]
[TimeControl "180+1"]
[EndTime "11:40:33 PDT"]
[Termination "jonaszmb won on time"]

1. d4 d5 2. c4 Bf5 3. Nc3 e6 4.
Nf3 Nc6 5. a3 Nf6 6. Bg5 Be7 7.
e3 Ne4 8. Bxe7 Nxe7 9. Rc1 O-O 10. Be2 Nxc3 11. Rxc3 dxc4 12. Bxc4 Nd5 13. Rb3 Nb6 14.
Bd3 Bg4 15. h3 Bh5 16. Be2 Rc8 17. Rc3 c5 18. dxc5 Qxd1+ 19. Bxd1 Nd5 20. Rc1 b6 21. c6 Ne7 22. Ne5 Bxd1 23. Kxd1 f6 24. Nf3 Rxc6 25. Rxc6 Nxc6 26. Ke2 e5 27. Rc1 Rc8 28. Rc3 Kf7 29.
Nd2 Ke6 30. g4 Ne7 31. Rxc8 Nxc8 32. Kd3 Nd6 33. Nc4 Nf7 34. h4 g5 35. h5 Nh6 36.
f3 f5 37. gxf5+ Nxf5 38. a4 Ng3 39. h6 Nf5 40. Ke4 Ng3+ 41. Kd3 Nf5 42. Na3 Nxh6 43.
Nb5 a5 44. Nc7+ Kd6 45. Ne8+ Ke7 46. Nc7 Kd6 47. Nb5+ Kd7 48. Ke4 Nf7 49. Kf5 h5 50.
Kg6 h4 51. Nc3 h3 52. Ne2 h2 53. Ng3 Ke6 54. e4 Ke7 55. Kh5 Nd6 56. Kg4 Nc4 57.
b3 Nd2 58. Kxg5 Nxf3+ 59. Kf5 Nd4+ 60. Kxe5 Nxb3 61. Kd5 Nc5 62. Kc6 Nxa4 63. Kb5 Nc3+ 64. Kxb6 a4 65. Kc5 a3 66. Kd4 a2 67. Kxc3 a1=Q+ 68. Kd3 h1=Q 69. Nxh1 Qxh1 70. Kd4 Qh4 71. Ke5 Qg5+ 72.
Kd4 Ke6 73. e5 Qf4+ 0-1

[Event "*** Titled Tuesday Blitz"]
[Site "Chess.com"]
[Date "2020.04.21"]
[Round "8"]
[White "vpsetter"]
[Black "yavrukurt40"]
[Result "1-0"]
[WhiteElo "2617"]
[BlackElo "2762"]
[TimeControl "180+1"]
[EndTime "11:40:34 PDT"]
[Termination "vpsetter won by resignation"]

1. e4 c5 2. Nf3 Nc6 3. d4 cxd4 4. Nxd4 g6 5. Nc3 Bg7 6. Nb3 Nf6 7. Be2 O-O 8. O-O d6 9. Bg5 Be6 10. f4 Rc8 11.
Kh1 a6 12. Bf3 b5 13. a3 Bc4 14. Re1 Nd7 15. Qd2 Nb6 16. Rad1 Bxb3 17. cxb3 Nd4 18. Bg4 Rc7 19. Qe3 h6 20. Bh4 g5 21.
fxg5 e5 22. Rf1 hxg5 23. Bxg5 f6 24. Bh6 Bxh6 25. Qxh6 Rg7 26. Rxd4 Rxg4 27. Rd3 Qe7 28. Rdf3 Qg7 29. Qh3 Qg6 30. Rf5 Kg7 31. Rh5 Nd7 32. Rh6 Qxh6 33. Qxg4+ Kh8 34. Qxd7 Qd2 35. Qh3+ Kg8 36.
Qg4+ Kh8 37. Qh5+ Kg7 38. Qe2 Qxe2 39. Nxe2 Rc8 40. Nc3 Kg6 41. Rd1 Rc6 42. g3 f5 43.
exf5+ Kxf5 44. Kg2 Ke6 45. Kf3 a5 46. h4 b4 47. axb4 axb4 48. Nd5 Rc2 49. Nxb4 Rxb2 50. Nd5 Rxb3+ 51. Ne3 Rb5 52. h5 Rb4 53. h6 Rb8 54. g4 Rf8+ 55. Kg3 Rg8 56. Kh4 e4 57. g5 Ke5 58. Rf1 d5 59. Ng4+ Kd4 60. h7 Ra8 61.
g6 e3 62. g7 e2 63. Re1 Ra1 1-0

[Event "*** Titled Tuesday Blitz"]
[Site "Chess.com"]
[Date "2020.04.21"]
[Round "8"]
[White "Roenko_Artur"]
[Black "maxip32"]
[Result "1/2-1/2"]
[WhiteElo "2280"]
[BlackElo "2415"]
[TimeControl "180+1"]
[EndTime "11:40:37 PDT"]
[Termination "Game drawn - insufficient material"]

1. e4 c5 2. d4 cxd4 3. c3 d3 4. Nf3 Nc6 5. Bxd3 g6 6. O-O Bg7 7. Qe2 d6 8. Rd1 Qc7 9. h3 Nf6 10. e5 dxe5 11. Bb5 O-O 12. Bxc6 Qxc6 13. Nxe5 Qe6 14.
Re1 b6 15. Nd2 Bb7 16. Ndf3 Rad8 17. Bg5 h6 18. Bxf6 Bxf6 19. Ng4 Qxe2 20. Nxf6+ exf6 21. Rxe2 Bxf3 22. gxf3 Rd7 23. Rae1 Rfd8 24. Re7 f5 25. Re8+ Kg7 26. Rxd8 Rxd8 27. Re7 Rd2 28. Rxa7 Rxb2 29.
Kg2 Kf6 30. a4 Rb3 31. Rb7 Rxc3 32. Rxb6+ Kg5 33. a5 Ra3 34. a6 Kh4 35. Rb4+ Kg5 36. Rb6 Ra2 37. Rc6 f4 38. Rb6 f5 39. Rc6 h5 40.
Rb6 h4 41. Rc6 Kh5 42. Rf6 g5 43. Rb6 Ra4 44. Rf6 Ra5 45. Rb6 g4 46. fxg4+ fxg4 47. hxg4+ Kxg4 48. Rg6+ Kf5 49. Rh6 Kg5 50. Rb6 Ra3 51.
Rb5+ Kg6 52. Rb6+ Kf5 53. Rb5+ Ke6 54. Rb6+ Ke5 55. Rh6 Ke4 56. Re6+ Kf5 57. Rh6 Kg5 58. Rb6 h3+ 59. Kh2 Kg4 60. Rg6+ Kf3 61. Kxh3 Kxf2+ 62. Kh2 f3 63. Re6 Kf1 64. Rf6 f2 65. Re6 Ra2 66.
Kh1 Ra5 67. Kh2 Ra4 68. Kg3 Ra3+ 69. Kh2 Ra2 70. Rf6 Ke1 71. Re6+ Re2 72. Rxe2+ Kxe2 73. a7 f1=Q 74. a8=Q Qf4+ 75. Kh1 Qh4+ 76. Kg2 Qg4+ 77. Kh1 Qh3+ 78. Kg1 Qg3+ 79. Qg2+ Qxg2+ 80. Kxg2 1/2-1/2

[Event "*** Titled Tuesday Blitz"]
[Site "Chess.com"]
[Date "2020.04.21"]
[Round "8"]
[White "Boorchess"]
[Black "WPWPWP-2015"]
[Result "1-0"]
[WhiteElo "2558"]
[BlackElo "2407"]
[TimeControl "180+1"]
[EndTime "11:40:43 PDT"]
[Termination "Boorchess won on time"]

1. d4 Nf6 2. Nf3 e6 3. Bf4 c5 4. e3 cxd4 5. exd4 Nc6 6. c3 Be7 7. Nbd2 O-O 8. Bd3 d6 9. O-O b6 10. Re1 Bb7 11. h3 h6 12. a4 Rc8 13. Bh2 Nb8 14.
Qe2 Nbd7 15. Ba6 Qc7 16. Rac1 Rfe8 17. Bb5 Rcd8 18. Ra1 Nd5 19. Bd3 N5f6 20. a5 Bc6 21.
axb6 axb6 22. Bc4 Bf8 23. Qd1 Ra8 24. Qb3 Nd5 25. Rec1 b5 26. Bd3 Qb7 27. Qd1 f5 28.
Qe2 N7f6 29. Rxa8 Qxa8 30. Bxb5 e5 31. dxe5 dxe5 32. Bxc6 Qxc6 33. Nxe5 Qb7 34. Ndc4 Bc5 35. b4 Bf8 36. Qf3 Ne4 37. Qxf5 Nexc3 38. Rf1 Bxb4 39. Kh1 Qe7 40. Qg4 Qe6 41. Nf3 Qxg4 42. hxg4 Nf6 43. g5 Ng4 44. Bg3 Ne4 45. gxh6 Nxg3+ 46. fxg3 gxh6 47.
Rb1 Bc5 48. Ncd2 Nf2+ 49. Kh2 Ng4+ 50. Kh3 Nf2+ 51. Kh2 Ng4+ 52. Kh3 Nf6 53. Kh2 Re2 54. Rc1 Bd6 55. Rc8+ Kf7 56. Rc6 Ng4+ 57. Kh3 Nf2+ 58. Kh2 Bf8 59. Rc7+ Kg8 60. Rc6 Re5 61. Kg1 Re7 62.
Kxf2 Bg7 63. Rc8+ Kh7 64. Rc2 Rd7 65. Kg1 Re7 66. Kh2 Re6 67. Rc4 Re7 68. Re4 Rd7 69. Rf4 Re7 70. Ne4 Re6 71. Nf2 Re7 72. Nh3 Rb7 73. Rh4 Kg6 74. Nf4+ Kf5 75. Rh5+ Kg4 76. Ra5 Rd7 77. Ra6 Re7 78. Rg6+ Kf5 79. Nh4+ Ke4 80.
Re6+ 1-0

[Event "*** Titled Tuesday Blitz"]
[Site "Chess.com"]
[Date "2020.04.21"]
[Round "8"]
[White "Bajecny"]
[Black "bait_or_mate"]
[Result "1/2-1/2"]
[WhiteElo "2374"]
[BlackElo "2516"]
[TimeControl "180+1"]
[EndTime "11:40:44 PDT"]
[Termination "Game drawn - insufficient material"]

1. d4 Nf6 2. Nf3 d5 3. c4 e6 4.
Nc3 a6 5. Bg5 dxc4 6. e4 b5 7.
e5 h6 8. Bh4 g5 9. Nxg5 hxg5 10.
Bxg5 Nbd7 11. Qf3 Rb8 12. Ne4 Bb7 13. Nxf6+ Nxf6 14. Qxf6 Qxf6 15. Bxf6 Rg8 16. f3 Bb4+ 17. Kf2 c5 18. dxc5 Bxc5+ 19. Ke2 Bd5 20. h4 Be7 21. h5 Bxf6 22. exf6 Kd7 23. g4 Rxg4 24. fxg4 Bxh1 25. Bh3 Be4 26. Ke3 Bd3 27. Rg1 Rh8 28. Bf1 Bc2 29.
Be2 e5 30. g5 Ke6 31. Bg4+ Bf5 32. Bf3 Rd8 33. Be4 Rh8 34. Bf3 Rd8 35. Rd1 Rxd1 36. Bxd1 a5 37. Bf3 b4 38. Be4 a4 39. h6 c3 40. bxc3 b3 41. axb3 Bxe4 42. Kxe4 axb3 43. h7 b2 44. h8=Q b1=Q+ 45. Ke3 Qc1+ 46. Kd3 Qd1+ 47. Kc4 Qd5+ 48. Kb4 Qd6+ 49. Kb3 Qd5+ 50. Kb2 Qg2+ 51.
Ka3 Qxg5 52. Qe8+ Kxf6 53. Qd8+ Kf5 54. Qd7+ Kf4 55. Qd2+ Kf5 56. Qd7+ Kf6 57. Qd8+ Kg6 58. Qg8+ Kf5 59. Qxf7+ Ke4 60. c4 Qc1+ 61. Kb4 Qb2+ 62. Kc5 Qd4+ 63. Kc6 Kd3 64. c5 e4 65. Qb3+ Qc3 66.
Qd1+ Qd2 67. Qf1+ Kd4 68. Kd6 e3 69. Qf4+ Kc3+ 70. Ke6 e2 71. Qe5+ Kc2 72. Qe4+ Qd3 73. Qa4+ Kd2 74. Qb4+ Qc3 75. Qf4+ Qe3+ 76. Qxe3+ Kxe3 77.
c6 e1=Q 78. c7 Kd4+ 79. Kd7 Qc3 80. c8=Q Qxc8+ 81. Kxc8 1/2-1/2

[Event "*** Titled Tuesday Blitz"]
[Site "Chess.com"]
[Date "2020.04.21"]
[Round "8"]
[White "Megagigahiper3345"]
[Black "MFguimaraes"]
[Result "0-1"]
[WhiteElo "2545"]
[BlackElo "2426"]
[TimeControl "180+1"]
[EndTime "11:40:50 PDT"]
[Termination "MFguimaraes won by resignation"]

1. d4 d5 2. c4 c6 3. Nc3 dxc4 4. e4 b5 5. a4 b4 6. Nce2 e6 7. Nf3 Nf6 8. Ng3 c5 9. Bxc4 cxd4 10. e5 Nd5 11. Nxd4 Bc5 12. O-O O-O 13. Nb3 Be7 14.
Qg4 Nc6 15. Bh6 g6 16. Bxf8 Qxf8 17. Rfe1 Qg7 18. Qe4 Bb7 19. Bxd5 exd5 20. Qf4 a5 21. Rac1 Re8 22. Nc5 Ba8 23. Nd7 Kh8 24. Nf6 Rd8 25. h4 Nxe5 26. Qxe5 Bxf6 27. Qe8+ Qf8 28. Qxf8+ Rxf8 29.
Rc7 Bxb2 30. Ree7 Kg7 31. h5 d4 32. Red7 Bc3 33. hxg6 hxg6 34. Ne2 b3 35. Nxc3 dxc3 36. Rxc3 Rb8 37. Rc1 b2 38. Rb1 Be4 39. Rdd1 Bxb1 40. Rxb1 Kf6 41. Kf1 Ke5 42. Ke2 Kd4 43. Kd2 Rb4 44.
Kc2 Rxa4 45. Rxb2 Rb4 46. Ra2 a4 47. Kd2 f5 48. g3 g5 49. Kc2 Ke4 50. Ra3 f4 51.
gxf4 gxf4 52. f3+ Kd4 53. Ra2 Ke3 54. Ra3+ Ke2 55. Kc1 Rb3 56. Rxa4 Rc3+ 57. Kb2 Rxf3 58. Re4+ Kd3 59. Re8 Re3 60. Rd8+ Ke2 61. Kc2 f3 62.
Rd2+ Ke1 63. Rd1+ Ke2 64. Rd2+ Kf1 65. Rd1+ Re1 66. Rd8 f2 67. Kd2 Kg2 68. Rg8+ Kh3 69. Rh8+ Kg4 70. Rg8+ Kh5 71. Rh8+ Kg6 72. Rg8+ Kh7 73. Rf8 f1=Q 74. Rxf1 Rxf1 75. Ke2 Rf8 76. Kd3 Kg6 77. Ke4 Re8+ 78. Kd5 Kf5 79. Kd6 Re1 80. Kd7 Kf6 0-1

[Event "*** Titled Tuesday Blitz"]
[Site "Chess.com"]
[Date "2020.04.21"]
[Round "8"]
[White "MarcoCorvi"]
[Black "KinKaiser"]
[Result "0-1"]
[WhiteElo "2190"]
[BlackElo "2491"]
[TimeControl "180+1"]
[EndTime "11:40:50 PDT"]
[Termination "KinKaiser won by checkmate"]

1. e4 c5 2. Nc3 Nc6 3. Bb5 Nd4 4. Nf3 Nxb5 5. Nxb5 a6 6. Nc3 e6 7. d4 cxd4 8. Qxd4 Qc7 9. O-O d6 10. Be3 Bd7 11.
Rad1 Bc6 12. Qb6 Qxb6 13. Bxb6 Nf6 14. Rfe1 Be7 15. Nd4 Rc8 16. Nxc6 Rxc6 17. Be3 Bd8 18. f3 Ba5 19. Bd2 Bb6+ 20. Be3 Ba5 21. Bd2 Bxc3 22.
Bxc3 e5 23. Kf2 Ke7 24. g4 Ke6 25. g5 Nh5 26. Rd2 g6 27. Red1 Nf4 28. Bb4 Rd8 29.
c4 Nh3+ 30. Ke3 Nf4 31. b3 Rd7 32. h4 Ke7 33. c5 Ke6 34. Rxd6+ Rcxd6 35. Rxd6+ Rxd6 36. cxd6 Ng2+ 37. Kf2 Nf4 38. Kg3 Kd7 39. Kg4 Kc6 40. Bd2 Ne6 41. Bb4 Kb5 42. Ba3 Kc6 43. Bb4 b6 44. Ba3 a5 45. b4 a4 46. b5+ Kxb5 47. d7 Kc6 48. Bb2 Kxd7 49. Bxe5 b5 50. f4 Nc5 51. f5 Nxe4 52. f6 Ke6 53. Kf4 Nc5 54. Bd4 Nd3+ 55. Ke3 Nb4 56. a3 Nc2+ 57. Kd3 Nxa3 58.
Kc3 Nc4 59. Kb4 Nd2 60. Kxb5 a3 61. Kb4 a2 62. Ka3 Nf3 63. Ba1 Nxh4 64. Kxa2 Nf3 65. Kb3 Nxg5 66. Kc4 Ne4 67. Kd3 Nxf6 68. Ke3 h5 69.
Kf4 Nd5+ 70. Kg5 Ne7 71. Kh4 Kf5 72. Kg3 Nd5 73. Kh3 Nf6 74. Kg3 g5 75. Kh3 Ne4 76.
Kh2 Kg4 77. Kg2 f5 78. Kh2 f4 79. Kg2 f3+ 80. Kf1 h4 81. Bd4 h3 82. Kg1 Kg3 83.
Kh1 f2 84. Be5+ Kf3 85. Kh2 f1=Q 86. Bg3 Qg2# 0-1

[Event "*** Titled Tuesday Blitz"]
[Site "Chess.com"]
[Date "2020.04.21"]
[Round "8"]
[White "aNaartjieZA"]
[Black "Lion-Al-Messi"]
[Result "1-0"]
[WhiteElo "2600"]
[BlackElo "2446"]
[TimeControl "180+1"]
[EndTime "11:40:51 PDT"]
[Termination "aNaartjieZA won on time"]

1. e4 b6 2. Nf3 Bb7 3. d3 e6 4. g3 d5 5. Nbd2 Nf6 6. Bg2 Be7 7. O-O c5 8. Re1 Nc6 9. c3 Qc7 10. a3 a5 11. a4 h6 12. h4 O-O 13. e5 Nd7 14. Qe2 d4 15. c4 Nb4 16.
Nf1 Rae8 17. Bf4 Qc6 18. b3 f5 19. Rad1 Kh8 20. Qd2 Rf7 21. N1h2 Rg8 22. h5 Qc8 23. Kh1 Nf8 24. Rg1 Qa8 25. Qe2 Nh7 26. Nh4 Bxh4 27. gxh4 Bxg2+ 28. Rxg2 g5 29. hxg6 Rxg6 30. Rg1 Rfg7 31.
Nf3 Rxg2 32. Rxg2 Rxg2 33. Kxg2 Qg8+ 34. Kh2 Qg6 35. Ne1 Qg4 36. Qxg4 fxg4 37. Bxh6 Nc6 38. Bf4 Nf8 39. Kg3 Ng6 40. Kxg4 Kg7 41. h5 Ngxe5+ 42.
Bxe5+ Nxe5+ 43. Kf4 Nf7 44. Nf3 Kf6 45. Nd2 e5+ 46.
Ke4 Ke6 47. f4 exf4 48. Kxf4 Ne5 49. Ke4 Ng4 50. Nf3 Nf6+ 51. Kf4 Nxh5+ 52. Kg5 Ng3 53. Nd2 Ne2 54. Kg4 Nc1 55. Kf3 Nxd3 56. Ke4 Ne5 57.
Kf4 Nf7 58. Ne4 Nd8 59. Ng5+ Kd6 60. Ke4 Nc6 61. Nf7+ Ke6 62. Ng5+ Kf6 63. Nh7+ Ke7 64. Ng5 Nb4 65. Nf3 Ke6 66. Ng5+ Kf6 67. Nh7+ Ke7 68. Ng5 Nc2 69. Nf3 Kd6 70. Kd3 Nb4+ 71. Ke4 Nc2 72. Nd2 Ne3 73. Nf3 Nd1 74. Kd3 Nc3 75. Nd2 Ke5 76. Nf3+ Kf4 77. Nh4 Nd1 78. Ng6+ Kf5 79. Ne7+ Ke6 80. Nd5 1-0

[Event "*** Titled Tuesday Blitz"]
[Site "Chess.com"]
[Date "2020.04.21"]
[Round "8"]
[White "algatar2020"]
[Black "YaWaleriy"]
[Result "0-1"]
[WhiteElo "1968"]
[BlackElo "2272"]
[TimeControl "180+1"]
[EndTime "11:40:53 PDT"]
[Termination "YaWaleriy won on time"]

1. d4 d5 2. Nf3 Nf6 3. Bf4 e6 4.
e3 c5 5. c3 Nc6 6. Nbd2 Bd6 7.
Bg3 O-O 8. Bd3 b6 9. Qe2 Bb7 10. a4 Ne7 11. Ne5 Nf5 12. f4 Be7 13. Bf2 Nd6 14.
O-O Nfe4 15. a5 f6 16. Nef3 Qc7 17. a6 Bc6 18. Rfc1 Qd7 19. b4 cxb4 20. cxb4 Bb5 21.
Nxe4 dxe4 22. Bxb5 Qxb5 23. Qxb5 Nxb5 24. Nd2 f5 25.
Rab1 Rfc8 26. Rc4 Rxc4 27. Nxc4 Rc8 28. Ne5 Nc3 29. Rb3 Nd5 30. Be1 Rc2 31. b5 Rc1 32. Kf2 Rc2+ 33. Kf1 Rc1 34. Ke2 Rc2+ 35. Kf1 Rc1 36.
Ke2 Rc2+ 37. Kd1 Rc7 38. Nc6 Bd6 39. Ke2 h6 40. Bh4 Kf8 41. Bd8 Rd7 42. Bh4 Ke8 43. Be1 g5 44. g3 Rg7 45. Kf1 Rc7 46.
Ke2 Kd7 47. Kf1 g4 48. Ke2 Ne7 49. Bb4 Nxc6 50. bxc6+ Rxc6 51. Bxd6 Kxd6 52. Rb5 Rc2+ 53. Kd1 Rxh2 54. Kc1 Ra2 55. Kb1 Rxa6 56. Rb3 Ra4 57.
Rc3 a5 58. Kb2 Rb4+ 59. Kc2 b5 60. Kd2 Rc4 61. Ra3 a4 62. Ra1 Kd5 63. Ra2 Rb4 64.
Rc2 Rb3 65. Rc5+ Kd6 66. Rc8 a3 67. Ra8 b4 68. Ra6+ Kd5 69. Ra5+ Kd6 70. Ra6+ Kd7 71. Ra7+ Kc6 72. Ra6+ Kb5 73. Ra8 Rb2+ 74. Kc1 Kc4 75. Rc8+ Kb3 76. Ra8 Rg2 77. Ra7 Rxg3 78. Rxa3+ bxa3 0-1

[Event "*** Titled Tuesday Blitz"]
[Site "Chess.com"]
[Date "2020.04.21"]
[Round "8"]
[White "pedroholly22"]
[Black "StockholmMissile"]
[Result "0-1"]
[WhiteElo "2325"]
[BlackElo "2456"]
[TimeControl "180+1"]
[EndTime "11:41:04 PDT"]
[Termination "StockholmMissile won by checkmate"]

1. e4 e5 2. Nf3 Nc6 3. Bb5 a6 4.
Ba4 g6 5. c3 Bg7 6. d4 exd4 7.
cxd4 b5 8. Bc2 Nge7 9. O-O d6 10. h3 O-O 11. Nc3 Re8 12. a3 Bb7 13. Re1 Qd7 14. Bg5 Na5 15. e5 Nc4 16. b3 Nb6 17.
Ne4 Ned5 18. Qd2 Rac8 19. Rad1 Ba8 20. Bb1 Re6 21. Bh6 Bh8 22. h4 Rce8 23. h5 Nc8 24. hxg6 hxg6 25. Qg5 Nce7 26. Nh4 Qc6 27. Qg3 dxe5 28. dxe5 Bxe5 29. f4 Bh8 30. f5 Re5 31.
Bc1 Nxf5 32. Nxf5 Rxf5 33. Bd2 Rfe5 34. Rc1 Qd7 35. Nc5 Qd8 36. Bxg6 Rxe1+ 37. Bxe1 fxg6 38.
Qxg6+ Bg7 39. Ne6 Qe7 40. Nxg7 Qe3+ 41. Kh2 Qf4+ 42. Bg3 Qxc1 43. Nxe8+ Kf8 44. Nf6 Nxf6 45. Qxf6+ Ke8 46. Qe6+ Kf8 47. Bxc7 Qxc7+ 48. Kg1 Bb7 49. Qf6+ Ke8 50. Qe6+ Qe7 51. Qg6+ Kd8 52. Qb6+ Kc8 53. a4 Qc7 54. Qe6+ Kb8 55. axb5 axb5 56. Qe3 Qc6 57.
Qg3+ Ka7 58. Qf2+ Ka6 59. Kf1 Ka5 60. Qd2+ b4 61. Kg1 Qb6+ 62. Kf1 Qc5 63. Ke1 Ba6 64. Kd1 Kb6 65. Qh6+ Qc6 66. Qd2 Qc5 67. Qh6+ Qc6 68. Qd2 Ka5 69. Qa2+ Kb6 70. Qf2+ Qc5 71. Qd2 Bb5 72.
Qh6+ Bc6 73. Qd2 Qd5 74. Kc2 Qxd2+ 75. Kxd2 Bxg2 76. Kd3 Kc5 77. Ke3 Bd5 78. Kd3 Bxb3 79. Kd2 Bc4 80. Kc1 Kd4 81. Kb2 Kd3 82. Kc1 Kc3 83.
Kb1 b3 84. Kc1 b2+ 85. Kb1 Bd3+ 86. Ka2 b1=Q+ 87. Ka3 Qb3# 0-1

[Event "*** Titled Tuesday Blitz"]
[Site "Chess.com"]
[Date "2020.04.21"]
[Round "8"]
[White "Beca95"]
[Black "jacky72"]
[Result "1-0"]
[WhiteElo "2867"]
[BlackElo "2719"]
[TimeControl "180+1"]
[EndTime "11:41:08 PDT"]
[Termination "Beca95 won by checkmate"]

1. d4 Nf6 2. Nf3 d5 3. Bf4 c6 4. Nbd2 e6 5. c3 Be7 6. e3 O-O 7. h3 Qb6 8. Rb1 c5 9. Bd3 Nc6 10. O-O a5 11. a4 Bd7 12. Bh2 h6 13. Re1 Rfd8 14. Ne5 Nxe5 15. dxe5 Ne8 16. Qg4 c4 17. Bc2 f5 18. Qe2 Qc5 19. Nf3 Nc7 20. g4 Rf8 21.
Nd4 b5 22. axb5 Nxb5 23. gxf5 exf5 24. Kh1 Qb6 25. Rg1 Nxd4 26. exd4 Qe6 27. Qh5 f4 28.
Rg6 Qxh3 29. Qe2 f3 30. Qe3 Bf5 31. Bxf5 Rxf5 32. Rbg1 Bg5 33. Qe1 Bf4 34. Rxg7+ Kh8 35. R1g3 Bxg3 36. Rxg3 Qh4 37. e6 Rh5 38. Qg1 Re8 39.
Rg4 Qh3 40. e7 Kh7 41. Rg7+ Kh8 42. Rg4 Qxh2+ 43. Qxh2 Rxh2+ 44. Kxh2 Rxe7 45. Rg6 Re2 46. Kg3 Rxb2 47. Rxh6+ Kg7 48. Rh5 Rb3 49. Rxd5 a4 50. Ra5 a3 51. Kxf3 Rxc3+ 52. Ke4 Rb3 53. f4 Kf6 54.
Ra6+ Ke7 55. f5 c3 56. Kd3 Rb5 57. f6+ Kf7 58. Kxc3 Rh5 59. Kc4 Rh3 60. d5 Rg3 61. Kc5 Rc3+ 62. Kd4 Rh3 63. Ke5 Re3+ 64. Kd4 Rh3 65.
Kc5 Rc3+ 66. Kb5 Rb3+ 67. Kc6 Kxf6 68. Kc7+ Ke7 69. d6+ Kf7 70. d7 Rd3 71. Rxa3 Rxa3 72. d8=Q Rc3+ 73. Kb6 Rb3+ 74. Kc5 Re3 75. Kd4 Re7 76.
Qd5+ Re6 77. Qf5+ Ke7 78. Kd5 Rd6+ 79. Ke5 Rd7 80. Qh7+ Kd8 81. Qg8+ Kc7 82. Qc4+ Kd8 83. Qb5 Ke7 84. Qc6 Kd8 85. Qc5 Re7+ 86. Kd6 Rd7+ 87. Ke6 Rd1 88. Qa5+ Kc8 89. Qc3+ Kd8 90. Qb4 Rd7 91.
Qb8# 1-0

[Event "*** Titled Tuesday Blitz"]
[Site "Chess.com"]
[Date "2020.04.21"]
[Round "8"]
[White "Falia-p"]
[Black "GMartin_Petrov"]
[Result "0-1"]
[WhiteElo "2337"]
[BlackElo "2587"]
[TimeControl "180+1"]
[EndTime "11:41:21 PDT"]
[Termination "GMartin_Petrov won by resignation"]

1. e4 c5 2. Nf3 d6 3. d4 cxd4 4. Nxd4 Nf6 5. Nc3 a6 6. h3 e5 7. Nb3 Be6 8. f4 Be7 9. f5 Bd7 10. g4 b5 11. Bg5 b4 12. Bxf6 bxc3 13. Bxe7 Qxe7 14. bxc3 Qh4+ 15. Kd2 Qg5+ 16. Ke1 Qe3+ 17. Be2 Qxe4 18. Kf2 Bc6 19. Rg1 Qf4+ 20. Ke1 Qh2 21. Rf1 O-O 22. Qd3 a5 23. a4 Nd7 24. Qxd6 Rfd8 25.
Qxc6 Qg3+ 26. Rf2 e4 27. Qxe4 Ne5 28. Kf1 Re8 29. Qg2 Qxc3 30. Bb5 Rab8 31. Kg1 Red8 32.
Raf1 f6 33. g5 fxg5 34. Qxg5 Kh8 35. f6 Rg8 36. f7 Rgf8 37. Rf5 Ng6 38. R5f3 Qxc2 39.
Bd3 Qxb3 40. Bxg6 Qb6+ 41. Kh2 Qxg6 42. Qxg6 hxg6 43. Rf4 g5 44. Rf5 Rb2+ 45. Kg3 g6 46. Rxg5 Kg7 47. Rxa5 Rb3+ 48. Kg2 Rb2+ 49. Kg1 Rxf7 50.
Rxf7+ Kxf7 51. Re5 Kf6 52. Re4 Ra2 53. Rg4 Kf5 54. Kf1 g5 55. Ke1 Rh2 56. Rg3 Ra2 57. Rg4 Ra3 58. Rb4 Rxh3 59. Rb5+ Kg6 60. Kf2 Ra3 61. a5 Kh5 62. Kg2 Kh4 63. Rb4+ g4 64. Rb5 Ra2+ 65. Kf1 Kh3 66. Rh5+ Kg3 67. Rb5 Ra1+ 68. Ke2 Kg2 69. Rb2 g3 70. Ke3+ Kh3 71.
Kf3 Rxa5 72. Rb8 Rf5+ 73. Ke2 Rf7 74. Rh8+ Kg2 75. Rh6 Re7+ 76. Kd3 Kf1 77. Rf6+ Kg1 78. Rg6 g2 79. Kd2 Re5 80. Rg7 Kf2 81. Rf7+ Kg3 82. Rg7+ Kf3 83. Rf7+ Kg4 84. Rg7+ Rg5 85. Rxg5+ Kxg5 86.
Ke2 g1=Q 0-1

[Event "*** Titled Tuesday Blitz"]
[Site "Chess.com"]
[Date "2020.04.21"]
[Round "8"]
[White "m_ezat"]
[Black "Gajuchess"]
[Result "0-1"]
[WhiteElo "2514"]
[BlackElo "2715"]
[TimeControl "180+1"]
[EndTime "11:41:24 PDT"]
[Termination "Gajuchess won by checkmate"]

1. d4 Nf6 2. c4 g6 3. Nc3 Bg7 4. e4 d6 5. Be2 O-O 6. Bg5 c6 7. Qd2 b5 8. a3 bxc4 9. Bxc4 Nbd7 10. Nf3 d5 11. exd5 Nb6 12. Ba2 cxd5 13. O-O Bf5 14.
Ne5 Rc8 15. Bh6 Ne4 16. Nxe4 Bxe4 17. Bxg7 Kxg7 18. Rfe1 f6 19. Nd3 Bxd3 20. Qxd3 Qd7 21. Re2 Rfe8 22. Rae1 e6 23. h4 Nc4 24. h5 Nd6 25. hxg6 hxg6 26. Bb1 Nf5 27. Qd2 Qd6 28. Bxf5 gxf5 29. Re3 Kf7 30. Qe2 Rh8 31. g3 Rce8 32. Rc3 Rh7 33. Rec1 Reh8 34. Rc7+ Kg6 35. R1c6 Qxc7 36.
Rxc7 Rxc7 37. Qxe6 Rd8 38. Kg2 Rcd7 39. Kf3 Rd6 40.
Qe7 R6d7 41. Qc5 Re8 42. Qc6 Red8 43. Kf4 Re7 44. f3 Rdd7 45. Qc8 Kg7 46. Kxf5 Rc7 47.
Qd8 Rcd7 48. Qc8 Rc7 49. Qa8 Rcd7 50. Qc6 Rf7 51. Qe6 a5 52. f4 Kf8 53. Kg6 Rg7+ 54.
Kf5 Rgf7 55. Qa6 Ra7 56. Qd6+ Rae7 57. Qxd5 a4 58. Qc5 Kg7 59. d5 Rb7 60. Qd4 Rb5 61.
g4 Kf8 62. Kg6 Rg7+ 63. Kf5 Rd7 64. Qxf6+ Rf7 65. Qxf7+ Kxf7 66. Ke5 Rxb2 67. f5 Rb3 68. g5 Rxa3 69. g6+ Kg7 70. d6 Re3+ 71. Kd5 a3 72. d7 a2 73. Kd4 a1=Q+ 74. Kxe3 Qf6 75.
Kf4 Qd8 76. Ke5 Qxd7 77. Kf4 Kf6 78. Kg3 Qxf5 79. Kh4 Qxg6 80. Kh3 Kf5 81. Kh4 Qg4# 0-1

[Event "*** Titled Tuesday Blitz"]
[Site "Chess.com"]
[Date "2020.04.21"]
[Round "8"]
[White "KhamzinOlzhas"]
[Black "Raja3401"]
[Result "1-0"]
[WhiteElo "2644"]
[BlackElo "2693"]
[TimeControl "180+1"]
[EndTime "11:41:31 PDT"]
[Termination "KhamzinOlzhas won by resignation"]

1. e4 c5 2. Nc3 d6 3. g3 g6 4. Bg2 Bg7 5. d3 Nc6 6. Be3 Rb8 7. Qd2 b5 8. Nge2 h5 9. h3 Bd7 10. O-O Nf6 11. f4 Qc8 12. f5 gxf5 13. exf5 Ne5 14. Bg5 Bxf5 15. Nf4 Rg8 16. Kh2 Bh8 17. Bh4 e6 18.
Rae1 b4 19. Nd1 Kd7 20. Ne3 Bg6 21. Nxg6 Rxg6 22. Be4 Nxe4 23. dxe4 Qc6 24. Nc4 Ke8 25. Nxd6+ Kf8 26. Nxf7 Nxf7 27. Rxf7+ Kxf7 28. Qf4+ Bf6 29. Qxb8 Bxh4 30. gxh4 Qd7 31. Qf4+ Rf6 32. Qg5 Qd4 33. Qxh5+ Ke7 34. Re2 Qd1 35. Qxc5+ Kf7 36. Rf2 Rxf2+ 37. Qxf2+ Ke7 38. b3 a5 39. Kg3 Kd6 40. Qb6+ Ke7 41.
Qc7+ Kf6 42. Qf4+ Ke7 43. Qf2 Kd6 44. Kf4 Qc1+ 45. Kf3 Qd1+ 46. Kg3 e5 47. Qf6+ Kd7 48. Qf5+ Kd6 49. Qg6+ Kc7 50. Qg7+ Kd6 51. Qf6+ Kd7 52. Qxe5 Qe1+ 53. Kf3 Qd1+ 54. Kf4 Qd2+ 55. Kg4 Qe2+ 56. Kg5 Qxc2 57. Qd5+ Ke7 58. h5 Qxa2 59. Kg6 Qg2+ 60. Qg5+ Qxg5+ 61. Kxg5 a4 62. h6 Kf7 63. e5 axb3 64. e6+ Kxe6 65. h7 b2 66. h8=Q b1=Q 67. Qe8+ Kd6 68. Qd8+ Kc6 69. Qb8 b3 70. Qc8+ Kb5 71.
Qb7+ Ka4 72. Qa6+ Kb4 73. Qb6+ Kc3 74. Qf6+ Kc2 75. Qf2+ Kc1 76. Qf1+ Kb2 77. Qf6+ Ka2 78. Qa6+ Kb2 79. Qf6+ Ka3 80. Qa6+ Kb4 81. Qb6+ Kc4 82. Qc6+ Kd4 83. Qd6+ Ke3 84. Qf4+ Ke2 85. Qh2+ Kd3 86. Qd6+ Ke3 87. Qe5+ Qe4 88. Qg3+ Qf3 89. Qe1+ Kd4 90. Qb4+ Kd3 91. Qxb3+ Ke4 92. Qxf3+ Kxf3 93. h4 Kg3 94. h5 1-0